 Dungeon Crawl Stone Soup version 0.29.1-12-g30fa7ad0bf (webtiles) character file.

Game seed: 12569771803637088450

29 Hrothgar the Shooter (level 3, 0/45 HPs)
             Began as a Hill Orc Hunter on Jan 8, 2023.
             Succumbed to a water moccasin's poison
             ... in a sewer.
             The game lasted 00:05:15 (870 turns).

Hrothgar the Shooter (Hill Orc Hunter)               Turns: 870, Time: 00:05:15

Health: 0/45       AC: 21    Str: 19    XL:     3   Next: 16%
Magic:  3/3        EV:  2    Int: 11    God:
Gold:   68         SH:  0    Dex: 14    Spells: 1/2 levels left

rFire   + . .      SeeInvis .   l - +1 short sword (freeze)
rCold   + . .      Faith    .   (no shield)
rNeg    . . .      Spirit   .   (body armour currently unavailable)
rPois   +          Reflect  .   (helmet currently unavailable)
rElec   +          Harm     .   (cloak currently unavailable)
rCorr   +          Rampage  .   (gloves currently unavailable)
Will    .....      NoTele   +   (boots currently unavailable)
Stlth   ++........              (no amulet)
HPRegen 0.15/turn               h - +6 ring of strength
MPRegen 0.08/turn               (no ring)

@: mighty, lethally poisoned (0 -> -11), tree-form, resistant, attractive
A: stationary, stasis, torment immunity, boosted hp
a: no special abilities


You were in a sewer.
You were a tree.
You visited 1 branch of the dungeon, and saw 3 of its levels.
You also visited: Sewer.

You collected 68 gold pieces.

Inventory:

Hand Weapons
 a - a +1 shortbow
 l - a +1 short sword of freezing (weapon)
Armour
 c - a +0 leather armour (melded)
Jewellery
 h - a +6 ring of strength (left branch)
Scrolls
 b - a scroll of immolation
 i - a scroll of vulnerability
 j - 2 scrolls of poison
Potions
 e - a potion of heal wounds {unknown}
 g - a potion of attraction


   Skills:
 * Level 2.7 Fighting
 * Level 4.1 Ranged Weapons
 * Level 0.4 Armour
 * Level 1.7 Dodging
 * Level 1.1 Stealth
 * Level 0.2 Spellcasting


You had one spell level left.
You knew the following spells:

 Your Spells              Type           Power      Damage    Failure   Level
a - Necrotise             Necr           0%         1d4       34%         1

Your spell library contained the following spells:

 Spells                   Type           Power      Damage    Failure   Level
 Vampiric Draining        Necr           0%         2d6       71%         3
 Agony                    Necr           0%         N/A       100%        5


Dungeon Overview and Level Annotations

Branches:
Dungeon (3/15)              Sewer (1/1)

Altars:
Wu Jian


Message History

Moving in this stuff is going to be slow.
You enter the shallow water.
Moving in this stuff is going to be slow.
A water moccasin comes into view.
Found 2 fizzy ruby potions and 11 gold pieces.
The water moccasin hisses angrily.
You enter the shallow water.
Moving in this stuff is going to be slow.
The water moccasin closely misses you.
Your +1 short sword of freezing glows with a cold blue light!
l - a +1 short sword of freezing (weapon)
The water moccasin bites you.
You feel very mighty all of a sudden. The water moccasin bites you.
You closely miss the water moccasin. The water moccasin bites you.
You are poisoned.
The water moccasin poisons you! The water moccasin bites you.
You barely miss the water moccasin.
You feel very sick. The water moccasin barely misses you.
It was a potion of lignification.
You turn into a tree.
Your +0 leather armour melds into your body.
Your roots penetrate the ground.
You feel sick. The water moccasin bites you. x2
* * * LOW HITPOINT WARNING * * *
You are lethally poisoned!
The water moccasin poisons you!
It was a potion of attraction.
You feel attractive to monsters.
* * * LOW HITPOINT WARNING * * *
You feel very sick. The water moccasin bites you.
* * * LOW HITPOINT WARNING * * *
Unknown command.
It was a potion of magic.
Magic courses through your body.
* * * LOW HITPOINT WARNING * * *
You feel very sick.
The water moccasin bites you but does no damage.
It was a potion of resistance.
You feel protected.
You die...

## ## $!#.
~#.# #..~
##~~.##
#~~~~~#
#...~S##
#.♣.#
##~.##
#...#
##~.# #.~
#~.# #.~
#..# #~.#
##~.# #.~.
#~..#
#.~###~.##


You could see a water moccasin.

Vanquished Creatures
  A dart slug (D:2)
  An endoplasm (D:2)
  4 giant cockroaches
  4 hobgoblins
  A jackal (Sewer)
  A quokka (D:2)
  4 ball pythons
  A frilled lizard (D:2)
  2 goblins
  2 kobolds (D:2)
  5 rats (D:2)
26 creatures vanquished.

Vanquished Creatures (collateral kills)
  A rat (D:3)
1 creature vanquished.

Grand Total: 27 creatures vanquished

Notes
Turn   | Place    | Note
-------+----------+-------------------------------------------
     0 | D:1      | Hrothgar the Hill Orc Hunter began the quest for the Orb.
     0 | D:1      | Reached XP level 1. HP: 18/18 MP: 1/1
   104 | D:1      | Reached skill level 1 in Stealth
   112 | D:1      | Reached XP level 2. HP: 25/25 MP: 2/2
   176 | D:2      | Learned a level 1 spell: Necrotise
   180 | D:2      | Found a faded altar of an unknown god.
   323 | D:2      | Reached skill level 4 in Ranged Weapons
   614 | D:2      | Reached XP level 3. HP: 26/30 MP: 3/3
   748 | D:3      | Found an ornate altar of the Wu Jian Council.
   793 | D:3      | Found a glowing drain.
   803 | Sewer    | Entered a sewer
   860 | Sewer    | Noticed a water moccasin
   869 | Sewer    | HP: 2/45 [poisoned by a water moccasin]
   870 | Sewer    | Succumbed to a water moccasin's poison

Illustrated notes

Levels and vault maps discovered:
D:1:      psy_arrival_heroes, layout_basic
D:2:      layout_rooms, chequers_ecumenical_altar_simple
D:3:      layout_loops_cross, nicolae_overflow_crystal_walls,
          lightli_temple_of_fire, okawaru_gym_becter,
          cheibrodos_sewer_entry_drain
Sewer:    sewer_the_moccasin

Skill      XL: |  1  2 |
---------------+-------+-----
Stealth        | 1 |  1.1
Ranged Weapons | 4 |  4.1
Fighting       | |  2.7
Armour         | |  0.4
Dodging        | |  1.7
Spellcasting   | |  0.2

Action                   || total
-------------------------++-------
Melee: Short sword       ||     9
 Fire: Shortbow          ||    41
  Use: Scroll            ||     5
       Potion            ||     5
 Stab: Distracted        ||     1
Armor: Leather armour    ||    14
       Skin              ||     1
Dodge: Dodged            ||    33
